 Dungeon Crawl Stone Soup version bcrawl-1.21.2-20-g6d45ba5942 (webtiles) character file.

Game seed: 4992341450753862527

7036 Freyura the Gouger (level 11, -11/62 HPs)
             Began as a Felid Berserker on Mar 1, 2020.
             Was a High Priest of Trog.
             Mangled by a catoblepas (16 damage)
             ... while petrified by you
             ... on level 2 of the Lair of Beasts on Mar 2, 2020.
             The game lasted 00:31:48 (11813 turns).

Freyura the Gouger (Felid Berserker)               Turns: 11813, Time: 00:31:49

Health: -11/62     AC:  2    Str: 17    XL:     11   Next: 9%
Magic:  12/12      EV:  4    Int:  9    God:    Trog [*****.]
Gold:   801        SH:  0    Dex: 19    Spells: 10/10 levels left
                                        Lives:  0   Deaths: 3

rFire    . . .     SeeInvis +     - Unarmed
rCold    . . .     Gourm    .   (shield unavailable)
rNeg     + + +     Faith    .   (armour unavailable)
rPois    ∞         Spirit   .   (helmet unavailable)
rElec    .         Reflect  +   (cloak restricted)
rCorr    .         Harm     .   (gloves unavailable)
MR       +++..                  (boots unavailable)
Stlth    ++........             y - +4 amulet of reflection
HPRegen  1.20/turn              p - +4 ring of strength
MPRegen  0.13/turn              k - +2 ring of slaying

@: petrified, berserk cooldown, regenerating, slowed, quick
A: very small, no armour, no weapons or thrown items, stealth, claws 1, fangs 3,
see invisible, carnivore, speed 1, shaggy fur 2, slow metabolism 1, sharp paws
a: Berserk, Trog's Hand, Brothers in Arms, Renounce Religion


You were on level 2 of the Lair of Beasts.
You worshipped Trog.
Trog was extremely pleased with you.
You were very full.

You visited 2 branches of the dungeon, and saw 12 of its levels.

You collected 801 gold pieces.

Inventory:

Jewellery
 f - an uncursed ring of poison resistance
 k - a +2 ring of slaying (right paw)
 o - an uncursed ring of resist corrosion
 p - a +4 ring of strength (left paw)
 q - an uncursed amulet of the acrobat
 x - an uncursed ring of protection from magic
 y - a +4 amulet of reflection (around neck)
 A - a -3 ring of dexterity
 C - an uncursed amulet of magic regeneration
 F - an uncursed ring of ice {unknown}
Wands
 c - a wand of acid (3)
 r - a wand of enslavement (11)
 t - a wand of flame (16)
 D - a wand of paralysis (10)
 H - a wand of digging (11)
Scrolls
 a - 5 scrolls of remove curse
 l - 4 scrolls of immolation
 z - a scroll of identify
 B - a scroll of teleportation
 E - a scroll of blinking {unknown}
Potions
 b - 2 potions of curing
 d - 4 potions of heal wounds
 g - a potion of lignification
 h - 2 potions of might
 i - 2 potions of brilliance
 j - a potion of experience {unknown}
 m - a potion of cancellation {unknown}
 n - a potion of haste {unknown}
 s - a potion of magic {unknown}
 u - 3 potions of degeneration
 v - a potion of agility {unknown}
 w - 3 potions of flight {unknown}
Miscellaneous
 G - a lightning rod (4/4)
Comestibles
 e - 22 rations {!d}
 I - 5 chunks of flesh


   Skills:
 + Level 9.6 Fighting
 + Level 12.1 Dodging
 * Level 14.8 Unarmed Combat


You had 10 spell levels left.
You didn't know any spells.
Your spell library was empty.

Dungeon Overview and Level Annotations

Branches:
Dungeon (10/12)            Temple (0/1) D:7            Lair (2/6) D:7
    Orc (0/1) D:9
  Swamp: Lair:2-4    Shoals: Lair:2-4     Snake: Lair:2-4    Spider: Lair:2-4

Altars:
Ashenzari
Hepliaklqana
Kikubaaqudgha
Nemelex Xobeh
Qazlal
Ru
Sif Muna
Vehumet
Wu Jian

Shops:
D:6 *[*


Innate Abilities, Weirdness & Mutations

You cannot wear almost all types of armour.
You are incapable of wielding weapons or throwing items.
Your paws allow you to move quietly. (Stealth)
You have sharp claws.
You have razor-sharp teeth.
You have supernaturally acute eyesight. (SInv)
You are carnivorous and can eat meat at any time.
You cover ground quickly.
You are covered in thick fur. (AC +2)
You have a slow metabolism.
Your sharp claws are effective at attacking unaware monsters.


Message History

The plant turns to stone!
The catoblepas closely misses you.
The catoblepas breathes a plume of calcifying dust at you.
The blast of calcifying dust hits you.
* * * LOW HITPOINT WARNING * * *
Your limbs are stiffening.
Found 12 gold pieces.
The plant is engulfed in calcifying dust.
The catoblepas breathes a plume of calcifying dust at you.
The blast of calcifying dust hits you!
* * * LOW HITPOINT WARNING * * *
You have turned to stone.
Found a stone staircase leading down.
You are engulfed in calcifying dust.
You feel the effects of Trog's Hand fading.
The plant is engulfed in calcifying dust.
The catoblepas gores you!
* * * LOW HITPOINT WARNING * * *
You are engulfed in calcifying dust.
The plant is engulfed in calcifying dust.
The catoblepas gores you!!
You die...

#P.....# #...>
##..#..# #....
#......# #...#
##......#
##....##...P#.P#
#.....#....##.##
..........††..#
.......Y§....P##
.......@...........#
.......§.§...#..#..#
##..##.#......### #
#. ##.#....## #
#.....§.# <......§..
........... ...
.$.....


You could see a catoblepas.

Vanquished Creatures
  Gastronok (Lair:1)
  Harold (D:8)
  A two-headed ogre (D:9)
  A tengu warrior (D:7)
  An unseen horror (D:7)
  Pikel (D:6)
  A cyclops (D:10)
  An ugly thing (D:10)
  5 centaur zombies
  A cane toad (Lair:1)
  2 komodo dragons
  A tengu conjurer (D:7)
  A polar bear (Lair:2)
  3 trolls
  5 hippogriffs
  4 yaks (D:8)
  A wyvern (D:9)
  A basilisk (Lair:1)
  3 hungry ghosts
  6 crocodiles
  A water moccasin (Lair:1)
  4 porcupines
  5 orc warriors
  3 sky beasts
  6 ice beasts
  An eye of draining (D:4)
  A necrophage (D:7)
  4 slaves (D:6)
  2 phantoms
  A boggart (D:10)
  7 ogres
  3 wolves (Lair:2)
  3 centaurs
  9 bullfrogs
  A big kobold (D:9)
  A wyvern skeleton (D:8)
  3 scorpions
  6 killer bees (D:9)
  A wight (D:7)
  2 howler monkeys
  3 crimson imps
  8 hounds
  6 jellies
  7 orc priests
  A centaur skeleton (D:7)
  A bullfrog skeleton (D:7)
  10 orc wizards
  4 iguanas
  7 worker ants
  2 killer bee zombies
  A hound skeleton (D:5)
  A howler monkey zombie (D:8)
  12 adders
  A gnoll (D:7)
  A shadow imp (D:4)
  5 oozes (D:8)
  3 worms
  A dart slug (D:2)
  5 leopard geckos
  23 orcs
  3 bats
  A giant cockroach (D:1)
  6 goblins
  4 hobgoblins
  6 jackals
  11 quokkas
  4 frilled lizards
  A jackal skeleton (D:4)
  15 kobolds
  8 rats
266 creatures vanquished.

Vanquished Creatures (collateral kills)
  A hydra (Lair:1)
1 creature vanquished.

Vanquished Creatures (others)
  A kobold (D:9)
  A fire vortex (Lair:2)
2 creatures vanquished.

Grand Total: 269 creatures vanquished

Notes
Turn   | Place    | Note
-------+----------+-------------------------------------------
     0 | D:1      | Freyura the Felid Berserker began the quest for the Orb.
     0 | D:1      | Reached XP level 1. HP: 12/12 MP: 2/2
   437 | D:1      | Reached skill level 4 in Unarmed Combat
   437 | D:1      | Reached XP level 2. HP: 16/16 MP: 3/3
  1119 | D:1      | Reached ** piety under Trog
  1346 | D:2      | Reached XP level 3. HP: 20/20 MP: 4/4
  1635 | D:2      | Found a shimmering blue altar of Sif Muna.
  2280 | D:3      | Reached XP level 4. HP: 24/24 MP: 5/5
  2596 | D:3      | Reached skill level 5 in Unarmed Combat
  2670 | D:3      | Found a hazy altar of Hepliaklqana.
  2687 | D:3      | Found a radiant altar of Vehumet.
  3057 | D:4      | Killed from afar by an orc wizard
  3058 | D:4      | Reached XP level 3. HP: 0/21 MP: 4/4
  3073 | D:4      | Reached skill level 5 in Dodging
  3073 | D:4      | Reached XP level 4. HP: 25/25 MP: 5/5
  3073 | D:4      | Noticed an eye of draining
  3087 | D:4      | Killed an eye of draining
  3259 | D:4      | Reached XP level 5. HP: 29/29 MP: 6/6
  3360 | D:4      | Found the +10 dark maul {crush}
  3389 | D:4      | Reached skill level 6 in Unarmed Combat
  3389 | D:4      | Noticed a sky beast
  3399 | D:4      | Killed a sky beast
  3609 | D:4      | Gained mutation: You are covered in thick fur. (AC +2)
                  | [Felid growth]
  3609 | D:4      | Reached XP level 6. HP: 33/33 MP: 7/7
  3667 | D:4      | Noticed a phantom
  3683 | D:4      | Killed a phantom
  3683 | D:4      | Reached *** piety under Trog
  4263 | D:5      | Entered Level 5 of the Dungeon
  4263 | D:5      | Noticed a phantom
  4263 | D:5      | Reached skill level 7 in Unarmed Combat
  4274 | D:5      | Killed a phantom
  4314 | D:5      | Reached XP level 7. HP: 38/38 MP: 8/8
  5143 | D:6      | Reached skill level 5 in Fighting
  5270 | D:6      | Reached skill level 8 in Unarmed Combat
  5282 | D:6      | Reached XP level 8. HP: 44/44 MP: 9/9
  5282 | D:6      | Noticed Pikel
  5300 | D:6      | Killed Pikel
  5434 | D:6      | Found Ymu Eratz's General Store.
  5482 | D:6      | Noticed a hippogriff
  5486 | D:6      | Reached skill level 9 in Unarmed Combat
  5488 | D:6      | Killed a hippogriff
  5526 | D:6      | Noticed a hippogriff
  5539 | D:6      | Killed a hippogriff
  5680 | D:6      | Found Cemniun's Antique Armour Emporium.
  5885 | D:6      | Found Saidd's General Store.
  6029 | D:7      | Noticed a tengu conjurer
  6038 | D:7      | HP: 2/44 [tengu conjurer (7)]
  6039 | D:7      | Killed a tengu conjurer
  6039 | D:7      | Reached **** piety under Trog
  6040 | D:7      | Found a staircase to the Lair.
  6423 | D:7      | Reached skill level 10 in Unarmed Combat
  6473 | D:7      | Reached XP level 9. HP: 49/49 MP: 10/10
  6679 | D:7      | HP: 2/49 [jackal (3)]
  6679 | D:7      | Slain by a jackal
  6680 | D:7      | Reached XP level 8. HP: -1/45 MP: 9/9
  6767 | D:7      | Found a staircase to the Ecumenical Temple.
  6864 | D:7      | Reached skill level 11 in Unarmed Combat
  6864 | D:7      | Noticed a tengu warrior
  6875 | D:7      | Reached XP level 9. HP: 49/50 MP: 10/10
  6875 | D:7      | Noticed an unseen horror
  6883 | D:7      | Killed a tengu warrior
  6890 | D:7      | Killed an unseen horror
  7242 | D:7      | Noticed a troll
  7255 | D:7      | Killed a troll
  7428 | D:7      | Found a sparkling altar of Nemelex Xobeh.
  7482 | D:7      | Found a stormy altar of Qazlal.
  7482 | D:7      | Found a sacrificial altar of Ru.
  7505 | D:7      | Found an ornate altar of the Wu Jian Council.
  7505 | D:7      | Found a shattered altar of Ashenzari.
  7519 | D:7      | Found a faded altar of an unknown god.
  7521 | D:7      | Found a faded altar of an unknown god.
  7522 | D:7      | Found an ancient bone altar of Kikubaaqudgha.
  7662 | D:8      | Reached skill level 12 in Unarmed Combat
  7662 | D:8      | Noticed a troll
  7671 | D:8      | Killed a troll
  7758 | D:8      | Reached skill level 10 in Dodging
  7765 | D:8      | Reached ***** piety under Trog
  8066 | D:8      | Noticed Harold
  8080 | D:8      | Killed Harold
  8235 | D:8      | Reached XP level 10. HP: 56/56 MP: 11/11
  8583 | D:9      | Noticed a two-headed ogre
  8591 | D:9      | Killed a two-headed ogre
  8709 | D:9      | Found a staircase to the Orcish Mines.
  8722 | D:9      | Reached skill level 13 in Unarmed Combat
  9306 | D:10     | Entered Level 10 of the Dungeon
  9324 | D:10     | Killed from afar by an orc priest
  9325 | D:10     | Reached XP level 9. HP: 0/52 MP: 10/10
  9338 | D:10     | Noticed a cyclops
  9348 | D:10     | Killed a cyclops
  9588 | D:10     | Noticed a troll
  9598 | D:10     | Killed a troll
  9679 | D:10     | Noticed a cyan ugly thing
  9686 | D:10     | Killed a cyan ugly thing
 10137 | Lair:1   | Entered Level 1 of the Lair of Beasts
 10140 | Lair:1   | Reached XP level 10. HP: 57/57 MP: 11/11
 10445 | Lair:1   | Reached skill level 14 in Unarmed Combat
 10592 | Lair:1   | Noticed Gastronok
 10615 | Lair:1   | Killed Gastronok
 11223 | Lair:1   | Noticed a cane toad
 11228 | Lair:1   | Killed a cane toad
 11250 | Lair:1   | Noticed an eight-headed hydra
 11261 | Lair:1   | Killed an eight-headed hydra
 11772 | Lair:2   | Reached XP level 11. HP: 62/62 MP: 12/12
 11803 | Lair:2   | Noticed a catoblepas
 11813 | Lair:2   | Mangled by a catoblepas

Skill      XL: |  1  2  3  4  5  6  7  8  9 10 |
---------------+-------------------------------+-----
Unarmed Combat | 4 5 6 7 8 11 12 14 | 14.8
Dodging        | 5 6 7 9 10 12 | 12.1
Fighting       | 4 5 7 8 9 |  9.6

Action                   |  1- 3 |  4- 6 |  7- 9 | 10-12 || total
-------------------------+-------+-------+-------+-------++-------
Melee: Unarmed           |   119 |   136 |   385 |   214 ||   854
       Bite              |     8 |     9 |    35 |    40 ||    92
       Punch             |     2 |     1 |    19 |    19 ||    41
Invok: Berserk           |     2 |       |     7 |     3 ||    12
       Trog's Hand       |       |       |     2 |     5 ||     7
       Brothers in Arms  |       |       |       |     2 ||     2
Evoke: Wand              |       |       |       |     2 ||     2
  Use: Scroll            |     7 |     3 |    11 |       ||    21
       Potion            |       |       |     1 |       ||     1
 Stab: Sleeping          |     1 |     2 |     5 |     2 ||    10
       Distracted        |       |       |     2 |     1 ||     3
  Eat: Chunk             |    12 |     2 |    35 |    13 ||    62
Armor: Skin              |     4 |     2 |     9 |     7 ||    22
Dodge: Dodged            |   109 |    80 |   324 |   231 ||   744
Block: Other             |       |       |    22 |    38 ||    60
       Reflection        |       |       |     1 |     1 ||     2
